 Dungeon Sprint DCSS version 0.30.1-11-g7821555f0a (webtiles) character file.

Game seed: 17945647787123301944

49655 Heoruswealwe the Minotaur Porcupine (level 14, -3/157 HPs)
             Began as a Minotaur Fighter on Jan 2, 2024.
             Was an Initiate of Gozag.
             Slain by a frost giant
             ... wielding a +0 battleaxe of freezing
              (18 damage)
             ... in the Dungeon (Sprint IX: "|||||||||||||||||||||||||||||").
             The game lasted 00:33:31 (5019 turns).

Heoruswealwe the Minotaur Porcupine (MiFi)          Turns: 5019, Time: 00:33:31

Health: -3/157     AC: 27    Str: 33    XL:     14   Next: 16%
Magic:  13/13      EV: 13    Int:  5    God:    Gozag
Gold:   2577       SH:  6    Dex:  9    Spells: 13/13 levels left

rFire   + . .        a - +4 demon trident (venom)
rCold   + . .        d - +0 buckler
rNeg    . . .        c - +0 shadow dragon scales
rPois   +            (helmet restricted)
rElec   +            h - +1 cloak {rPois}
rCorr   +            (no gloves)
SInv    .            e - +0 pair of boots
Will    +....        (no amulet)
Stlth   ++           k - +3 ring of strength
HPRegen 0.46/turn    j - +3 ring of strength
MPRegen 0.13/turn

%: no teleportation
@: resistant, gold aura
A: horns 2, retaliatory headbutt
a: Renounce Religion, Potion Petition, Call Merchant, Bribe Branch


You were in the Dungeon.
You worshipped Gozag.
Gozag was most pleased with you.
You visited 1 branch You collected 13331 gold pieces.
You spent 4513 gold pieces at shops.
You paid 6241 gold pieces to Gozag.

Inventory:

Hand Weapons
 a - a +4 demon trident of venom (weapon)
 b - a +4 heavy glaive
 l - the +3 Elemental Staff {rElec rF+ rC+ AC+3}
   (You bought it in a shop in the Dungeon)

   It enhances your fire, ice, earth and air magic.
   AC:        It affects your AC (+3).
   rF:        It protects you from fire.
   rC:        It protects you from cold.
   rElec:     It insulates you from electricity.
 m - the +7 captain's cutlass {speed, disarm}
   (You bought it in a shop in the Dungeon)
Armour
 c - +0 shadow dragon scales (worn)
 d - a +0 buckler (worn)
 e - a +0 pair of boots (worn)
 h - a +1 cloak of poison resistance (worn)
Jewellery
 j - a +3 ring of strength (right hand)
 k - a +3 ring of strength (left hand)
Wands
 i - a wand of flame (8)
 r - a wand of iceblast (10)
Scrolls
 q - 2 scrolls of identify
 y - 2 scrolls of enchant armour
Potions
 f - 3 potions of resistance
 g - 2 potions of haste
 p - 2 potions of cancellation
 s - a potion of curing
 t - 3 potions of might
Miscellaneous
 u - a phantom mirror


   Skills:
 + Level 23.4 Fighting
 O Level 27 Polearms
 + Level 23.4 Armour
 + Level 10.7 Dodging
 + Level 12.2 Shields
 + Level 9.0 Evocations


You had 13 spell levels left.
You didn't know any spells.
Your spell library was empty.

Dungeon Overview and Level Annotations

Branches:
Dungeon (1/1)

Altars:
Cheibriados
Dithmenos
Elyvilon
Fedhas
Gozag
Hepliaklqana
Kikubaaqudgha
Makhleb
Nemelex Xobeh
Okawaru
Qazlal
Ru
Sif Muna
Trog
Uskayaw
Vehumet
Wu Jian
Xom
Yredelemnul
Zin
The Shining One
Jiyva
Lugonu

Shops:
D ((=:[(((*(


Innate Abilities, Weirdness & Mutations

You have a pair of horns on your head.
You reflexively headbutt those who attack you in melee.


Message History

The storm dragon breathes lightning at you.
The bolt of lightning hits you. You resist.
* * * LOW HITPOINT WARNING * * *
You hit the storm dragon.
The storm dragon looks as sick as possible!
You headbutt the storm dragon, but do no damage.
The storm dragon is moderately wounded.
You impale the storm dragon!!
The storm dragon looks as sick as possible!
The storm dragon is heavily wounded.
You block the storm dragon's attack. The storm dragon closely misses you.
You block the storm dragon's attack.
You puncture the storm dragon!
The storm dragon is severely wounded.
The storm dragon closely misses you. The storm dragon claws you.
* * * LOW HITPOINT WARNING * * *
You block the storm dragon's attack.
You puncture the storm dragon!
The storm dragon looks as sick as possible!
The storm dragon is almost dead.
You puncture the storm dragon!
The storm dragon looks as sick as possible!
The storm dragon is almost dead.
The storm dragon bites you!
* * * LOW HITPOINT WARNING * * *
The storm dragon claws you.
* * * LOW HITPOINT WARNING * * *
You block the storm dragon's attack.
You feel better. The storm dragon bites you.
* * * LOW HITPOINT WARNING * * *
The storm dragon barely misses you.
The storm dragon tramples you but does no damage.
You impale the storm dragon!!
You kill the storm dragon!
Your Evocations skill increases to level 9!
You hit the frost giant.
The frost giant is lightly wounded.
The frost giant hits you with a +0 battleaxe of freezing!!
You die...
Your body crumbles into a pile of gold.

▓.▓.▓.▓.▓=▓.▓)▓.▓.
▓.▓.▓.▓.▓.▓.▓.▓.▓"
▓.▓.♣)♣.▓)▓.▓.▓.▓?
▓.▓.♣.♣.▓)▓.▓.▓.▓.
▓$▓.♣.♣.▓)▓.▓.▓.▓?
▓$▓.♣.♣.▓)▓.▓.▓.▓.
▓.▓.♣.♣.▓)▓.▓.▓.▓.
▓$▓.♣.♣.▓)▓.▓.▓.▓.
▓@▓.♣.♣.▓)▓.▓.▓.▓'
▓C▓.♣.♣.▓)▓.▓.▓.▓.
▓.▓.♣.♣.▓.▓.▓.▓.▓.
▓T▓.♣.♣.▓[▓.▓.▓.▓.
▓.▓.▓'▓.▓[▓.▓.▓.▓.
▓.▓.▓)▓.▓[▓.▓.▓.▓.
▓.▓.▓)▓.▓[▓.▓'▓.▓.
▓.▓.▓.▓.▓[▓.▓[▓)▓.
▓.▓.▓.▓[▓.▓.▓.▓.


You could see a frost giant and a deep troll shaman.

Vanquished Creatures
  Rupert (D)
  A storm dragon (D)
  Kirke (D)
  A fire giant (D)
  A ghost moth (D)
  An emperor scorpion (D)
  A frost giant (D)
  A very ugly thing (D)
  An eleionoma (D)
  Azrael (D)
  A spark wasp (D)
  2 fire dragons (D)
  2 merfolk impalers (D)
  2 ice dragons (D)
  3 hydras (D)
  A boulder beetle (D)
  2 two-headed ogres (D)
  An anaconda (D)
  A merfolk aquamancer (D)
  A centaur warrior (D)
  A vampire mage (D)
  2 tengu warriors (D)
  A naga warrior (D)
  An alligator (D)
  A spriggan berserker (D)
  2 deep troll earth magi (D)
  5 orc high priests (D)
  A spriggan (D)
  Sonja (D)
  A naga sharpshooter (D)
  2 hell knights (D)
  2 sea snakes (D)
  A bog body (D)
  3 orc knights (D)
  A lindwurm (D)
  A steelbarb worm (D)
  A mana viper (D)
  2 naga ritualists (D)
  A deep elf pyromancer (D)
  3 manticores (D)
  4 ugly things (D)
  An orc sorcerer (D)
  A wolf spider (D)
  A moth of wrath (D)
  A will-o-the-wisp (D)
  A cyclops (D)
  A water nymph (D)
  2 naga magi (D)
  2 black mambas (D)
  A torpor snail (D)
  3 cane toads (D)
  A gargoyle (D)
  Psyche (D)
  A yaktaur (D)
  A tengu conjurer (D)
  A merfolk (D)
  A tyrant leech (D)
  A hornet (D)
  2 polar bears (D)
  A dream sheep (D)
  A slime creature (D)
  2 wyverns (D)
  A culicivora (D)
  A water elemental (D)
  5 hogs (D)
  A basilisk (D)
  A wraith (D)
  A yak (D)
  3 fire elementals (D)
  A human (D)
  A redback (D)
  Grum (D)
  3 vampire mosquitoes (D)
  A warg (D)
  6 hell hounds (D)
  9 orc warriors (D)
  4 water moccasins (D)
  A black bear (D)
  A boggart (D)
  7 wolves (D)
  A kobold brigand (D)
  A bullfrog (D)
  5 orc priests (D)
  A gnoll bouda (D)
  An iguana (D)
  4 orc wizards (D)
  A white imp (D)
  A dart slug (D)
  13 orcs (D)
  A ball python (D)
  2 goblins (D)
  A frilled lizard (D)
170 creatures vanquished.

Notes
Turn   | Place    | Note
-------+----------+-------------------------------------------
     0 | D        | Heoruswealwe the Minotaur Fighter began the quest for the
                  | Orb.
     0 | D        | Reached XP level 1. HP: 19/19 MP: 0/0
     6 | D        | Reached skill level 3 in Polearms
    22 | D        | Reached skill level 4 in Polearms
    31 | D        | Noticed a black bear
    31 | D        | Noticed a water moccasin
    31 | D        | Noticed an iguana
    36 | D        | Reached XP level 2. HP: 28/28 MP: 1/1
    42 | D        | Killed a black bear
    43 | D        | Reached skill level 8 in Polearms
    43 | D        | Reached XP level 3. HP: 19/38 MP: 2/2
    43 | D        | Reached XP level 4. HP: 22/45 MP: 3/3
    50 | D        | Killed a water moccasin
    51 | D        | Reached skill level 10 in Polearms
    51 | D        | Reached XP level 5. HP: 27/53 MP: 4/4
    60 | D        | Found a snail-covered altar of Cheibriados.
    60 | D        | Found a shadowy altar of Dithmenos.
    60 | D        | Found a white marble altar of Elyvilon.
    60 | D        | Found a blossoming altar of Fedhas.
    60 | D        | Found an opulent altar of Gozag.
    61 | D        | Found a hazy altar of Hepliaklqana.
    62 | D        | Found a viscous altar of Jiyva.
    63 | D        | Found an ancient bone altar of Kikubaaqudgha.
    64 | D        | Found a corrupted altar of Lugonu.
    65 | D        | Found a burning altar of Makhleb.
    66 | D        | Found a sparkling altar of Nemelex Xobeh.
    67 | D        | Found an iron altar of Okawaru.
    68 | D        | Became a worshipper of Gozag Ym Sagoz the Greedy
    69 | D        | Found a stormy altar of Qazlal.
    70 | D        | Found a sacrificial altar of Ru.
    71 | D        | Found a shimmering blue altar of Sif Muna.
    72 | D        | Found a bloodstained altar of Trog.
    73 | D        | Found a hide-covered altar of Uskayaw.
    74 | D        | Found a radiant altar of Vehumet.
    75 | D        | Found an ornate altar of the Wu Jian Council.
    76 | D        | Found a shimmering altar of Xom.
    77 | D        | Found a basalt altar of Yredelemnul.
    78 | D        | Found a glowing silver altar of Zin.
    79 | D        | Found a glowing golden altar of the Shining One.
   158 | D        | Noticed a wraith
   158 | D        | Noticed a two-headed ogre
   158 | D        | Noticed a two-headed ogre
   161 | D        | Reached skill level 11 in Polearms
   161 | D        | Reached XP level 6. HP: 62/62 MP: 5/5
   166 | D        | Killed a wraith
   167 | D        | Reached skill level 12 in Polearms
   177 | D        | Killed a two-headed ogre
   178 | D        | Reached skill level 14 in Polearms
   178 | D        | Reached XP level 7. HP: 27/74 MP: 6/6
   178 | D        | Reached XP level 8. HP: 29/82 MP: 7/7
   183 | D        | Killed a two-headed ogre
   184 | D        | Reached skill level 16 in Polearms
   315 | D        | Noticed a manticore
   315 | D        | Noticed a gargoyle
   315 | D        | Noticed a centaur warrior
   315 | D        | Noticed a deep elf pyromancer
   325 | D        | Killed a manticore
   326 | D        | Reached skill level 17 in Polearms
   326 | D        | Reached XP level 9. HP: 49/92 MP: 8/8
   332 | D        | Killed a gargoyle
   336 | D        | Killed a centaur warrior
   337 | D        | Reached skill level 18 in Polearms
   343 | D        | Killed a deep elf pyromancer
   348 | D        | Reached skill level 19 in Polearms
   668 | D        | Noticed a cane toad
   668 | D        | Noticed a cane toad
   673 | D        | Killed a cane toad
   674 | D        | Reached XP level 10. HP: 104/104 MP: 9/9
   677 | D        | Noticed a black mamba
   688 | D        | Killed a cane toad
   689 | D        | Reached skill level 20 in Polearms
   694 | D        | Killed a black mamba
   695 | D        | Reached skill level 15 in Fighting
   695 | D        | Reached skill level 15 in Armour
   853 | D        | Noticed a five-headed hydra
   853 | D        | Noticed a cane toad
   861 | D        | Killed a ten-headed hydra
   862 | D        | Noticed a boulder beetle
   866 | D        | Reached skill level 21 in Polearms
   866 | D        | Noticed a lindwurm
   874 | D        | Killed a boulder beetle
  1030 | D        | Killed a cane toad
  1043 | D        | Killed a lindwurm
  1044 | D        | Reached XP level 11. HP: 40/115 MP: 10/10
  1047 | D        | Reached skill level 22 in Polearms
  1425 | D        | Noticed Psyche
  1435 | D        | Killed Psyche
  1467 | D        | Noticed Grum
  1477 | D        | Killed Grum
  1506 | D        | Noticed Sonja
  1514 | D        | Killed Sonja
  1903 | D        | Reached skill level 23 in Polearms
  2064 | D        | Found Yruus's Jewellery Emporium.
  2064 | D        | Noticed an orc knight
  2064 | D        | Noticed an orc high priest
  2064 | D        | Noticed an orc sorcerer
  2064 | D        | Noticed an orc high priest
  2065 | D        | Noticed an orc high priest
  2068 | D        | Killed an orc knight
  2071 | D        | Killed an orc high priest
  2076 | D        | Killed an orc sorcerer
  2083 | D        | Killed an orc high priest
  2084 | D        | Reached skill level 24 in Polearms
  2089 | D        | Killed an orc high priest
  2246 | D        | Found Hoxerphe's Book Shoppe.
  2250 | D        | Found Mohegh's Antique Armour Emporium.
  2252 | D        | Noticed an orc knight
  2253 | D        | Found Aziess's Weapon Shoppe.
  2254 | D        | Noticed an orc knight
  2268 | D        | Killed an orc knight
  2271 | D        | Noticed an orc high priest
  2278 | D        | Killed an orc knight
  2284 | D        | Killed an orc high priest
  2296 | D        | Noticed an orc high priest
  2304 | D        | Noticed a sun demon
  2309 | D        | Killed an orc high priest
  2310 | D        | Reached XP level 12. HP: 45/128 MP: 11/11
  2573 | D        | Bought an embroidered cloak for 172 gold pieces
  2583 | D        | Bought the +3 Elemental Staff {rElec rF+ rC+ AC+3} for 970
                  | gold pieces
  2583 | D        | Found the +3 Elemental Staff {rElec rF+ rC+ AC+3}
  2586 | D        | Bought the +7 captain's cutlass {speed, disarm} for 648
                  | gold pieces
  2586 | D        | Found the +7 captain's cutlass {speed, disarm}
  2591 | D        | Bought a scroll of identify for 58 gold pieces
  2591 | D        | Bought a phantom mirror for 1160 gold pieces
  2591 | D        | Bought an encrusted wooden ring for 145 gold pieces
  2591 | D        | Bought a potion of haste for 290 gold pieces
  2591 | D        | Bought a scroll labelled IRITHO JETOMM for 29 gold pieces
  2591 | D        | Bought a puce potion for 26 gold pieces
  2786 | D        | Noticed a tengu warrior
  2786 | D        | Noticed a tengu warrior
  2804 | D        | Killed a tengu warrior
  2805 | D        | Reached skill level 25 in Polearms
  2809 | D        | Killed a tengu warrior
  2815 | D        | Noticed an ice dragon
  2817 | D        | Noticed a deep troll earth mage
  2831 | D        | Noticed a fire dragon
  2839 | D        | Killed an ice dragon
  2842 | D        | Killed a deep troll earth mage
  2843 | D        | Reached skill level 26 in Polearms
  2864 | D        | Killed a fire dragon
  3029 | D        | Bought a +4 heavy glaive for 505 gold pieces
  3253 | D        | Noticed an eight-headed hydra
  3253 | D        | Noticed an eleionoma
  3255 | D        | Noticed a seven-headed hydra
  3257 | D        | Killed a ten-headed hydra
  3265 | D        | Noticed an alligator
  3266 | D        | Reached skill level 27 in Polearms
  3269 | D        | Killed an eleionoma
  3270 | D        | Killed an eight-headed hydra
  3275 | D        | Killed an alligator
  3472 | D        | Noticed a naga warrior
  3472 | D        | Noticed an anaconda
  3476 | D        | Reached skill level 1 in Dodging
  3482 | D        | Reached skill level 1 in Evocations
  3482 | D        | Reached XP level 13. HP: 129/143 MP: 0/12
  3491 | D        | Reached skill level 5 in Shields
  3701 | D        | Noticed a spark wasp
  3701 | D        | Noticed an emperor scorpion
  3708 | D        | Killed a spark wasp
  3712 | D        | Killed an emperor scorpion
  3713 | D        | Reached skill level 5 in Dodging
  3716 | D        | Killed a ghost moth
  3734 | D        | HP: 6/217 [culicivora (16)]
  3736 | D        | Reached skill level 5 in Evocations
  4019 | D        | Noticed a merfolk impaler
  4020 | D        | Noticed a merfolk impaler
  4033 | D        | Killed a merfolk impaler
  4314 | D        | Killed a merfolk impaler
  4353 | D        | Bought a +2 demon trident of venom for 510 gold pieces
  4388 | D        | Noticed Rupert
  4392 | D        | Noticed Kirke
  4396 | D        | Paralysed by Rupert for 5 turns
  4410 | D        | Killed Rupert
  4413 | D        | Noticed a sphinx
  4453 | D        | Killed Kirke
  4454 | D        | Reached skill level 10 in Shields
  4709 | D        | Noticed Azrael
  4724 | D        | Killed Azrael
  4948 | D        | Noticed a frost giant
  4948 | D        | Noticed a fire dragon
  4949 | D        | Noticed a cyan very ugly thing
  4970 | D        | Noticed a fire giant
  4970 | D        | Killed a frost giant
  4981 | D        | Killed a cyan very ugly thing
  4982 | D        | Reached XP level 14. HP: 55/157 MP: 13/13
  4991 | D        | Reached skill level 10 in Dodging
  4993 | D        | Noticed a storm dragon
  4997 | D        | Killed a fire giant
  4999 | D        | Noticed a frost giant
  5016 | D        | HP: 7/157 [storm dragon (15)]
  5018 | D        | Killed a storm dragon
  5019 | D        | Slain by a frost giant

Illustrated notes

Levels and vault maps discovered:
D:        linesprint [early_d, line_temple, items_1, d_10, items_2, lair_1,
          lair_end, items_3, orc_1, orc_end, items_4, d_15, swamp_1, shoals_1,
          snake_1, spider_1, d_20, vaults_1, items_5, swamp_end, shoals_end,
          snake_end, spider_end, vaults_end, d_27, items_6, zot_1, zot_end,
          crypt_end, forest_end, elf_end, slime_end, tomb_end, abyss_end,
          pan_hell_end]

Skill      XL: |  1  2  3  4  5  6  7  8  9 10 11 12 13 14 |
---------------+-------------------------------------------+-----
Polearms       | 4 8 10 11 14 17 19 21 24 27 | 27.0
Fighting       | 4 6 7 8 11 12 14 16 18 21 23 | 23.4
Armour         | 4 6 7 8 11 12 14 16 18 21 23 | 23.4
Dodging        | 1 9 10 | 10.7
Shields        | 4 11 12 | 12.2
Evocations     | 1 8 9 |  9.0

Action                     |  1- 3 |  4- 6 |  7- 9 | 10-12 | 13-15 || total
---------------------------+-------+-------+-------+-------+-------++-------
  Melee: Trident           |    27 |    11 |       |       |       ||    38
         Headbutt          |     3 |     7 |     6 |    45 |    40 ||   101
         Halberd           |       |    17 |    42 |   284 |       ||   343
         Glaive            |       |       |       |    29 |    73 ||   102
         Demon trident     |       |       |       |       |   128 ||   128
 Invoke: Call Merchant     |       |       |       |     4 |     2 ||     6
    Use: Potion            |       |     1 |     3 |     4 |     7 ||    15
         Scroll            |       |       |       |     2 |     6 ||     8
   Stab: Distracted        |       |       |     2 |     3 |     1 ||     6
         Sleeping          |       |       |       |       |     2 ||     2
 Armour: Scale mail        |    12 |     3 |    10 |    29 |       ||    54
         Chain mail        |       |       |       |    36 |       ||    36
         Plate armour      |       |       |       |    10 |       ||    10
         Shadow dragon sca |       |       |       |   104 |    79 ||   183
  Dodge: Dodged            |    10 |    10 |    11 |    99 |    61 ||   191
  Block: Buckler           |     7 |     2 |       |       |    22 ||    31
